 Dungeon Crawl Stone Soup version 0.29.1-1-gd02db6906a (webtiles) character file.

Game seed: 552873426041909269

7 Anandil the Grave Robber (level 1, 0/13 HPs)
             Began as a Demonspawn Necromancer on Oct 12, 2022.
             Slain by a jackal (3 damage)
             ... on level 1 of the Dungeon.
             The game lasted 00:01:00 (243 turns).

Anandil the Grave Robber (Demonspawn Necromancer)    Turns: 243, Time: 00:01:00

Health: 0/13       AC:  2    Str:  8    XL:     1   Next: 91%
Magic:  0/3        EV: 12    Int: 16    God:
Gold:   0          SH:  0    Dex: 13    Spells: 3/4 levels left

rFire   . . .      SeeInvis .   (no weapon)
rCold   . . .      Faith    .   (no shield)
rNeg    . . .      Spirit   .   a - +0 robe
rPois   .          Reflect  .   (no helmet)
rElec   .          Harm     .   (no cloak)
rCorr   .          Rampage  .   (no gloves)
Will    .....                   (no boots)
Stlth   ++........              (no amulet)
HPRegen 0.04/turn               (no ring)
MPRegen 0.08/turn               (no ring)

@: no status effects
A: no striking features
a: no special abilities


You were on level 1 of the Dungeon.
You visited 1 branch of the dungeon, and saw 1 of its levels.

Inventory:

Missiles
 d - 3 curare-tipped darts
 e - 4 boomerangs
Armour
 a - a +0 robe (worn)
Scrolls
 c - 2 scrolls of identify {unknown}
Potions
 b - a potion of magic


   Skills:
 + Level 2.0 Dodging
 - Level 1.7 Stealth
 + Level 2.2 Spellcasting
 + Level 4.5 Necromancy


You had 3 spell levels left.
You knew the following spells:

 Your Spells              Type           Power      Damage    Failure   Level
a - Necrotise             Necr           64%        1d7       3%          1

Your spell library contained the following spells:

 Spells                   Type           Power      Damage    Failure   Level
 Vampiric Draining        Necr           16%        2d7       10%         3
 Animate Dead             Necr           16%        N/A       30%         4
 Agony                    Necr           16%        N/A       65%         5


Dungeon Overview and Level Annotations

Branches:
Dungeon (1/15)

Altars:


Message History

r - Retreat! s - Stop attacking. g - Guard the area. f - Follow me.
Anything else - Cancel.
Gang up on whom?
Press: ? - help, Dir - move target, f - jackal, p - jackal
Aim: a jackal (heavily wounded, ally target) Attack!
Your jackal skeleton barely misses the jackal.
The jackal closely misses you.
Unknown command.
You hit the jackal but do no damage.
The jackal is moderately wounded.
Your jackal skeleton barely misses the jackal.
The jackal closely misses you.
Unknown command.
You hit the jackal.
The jackal is severely wounded.
The jackal bites you.
Your jackal skeleton bites the jackal.
The jackal bites you.
* * * LOW HITPOINT WARNING * * *
The jackal bites your jackal skeleton.
Your jackal skeleton closely misses the jackal.
The jackal barely misses your jackal skeleton.
Your jackal skeleton barely misses the jackal.
Casting: Necrotise (safe; 3% risk of failure)
Confirm with . or Enter, or press ? or * to list all spells.
Aiming: Necrotise (safe; 3% risk of failure)
Press: ? - help, Shift-Dir - straight line, f/p - jackal
Aim: a jackal (severely wounded, not watching you, ally target, chance to affect: 86%)
The jackal barely resists.
The jackal closely misses you. The jackal bites your jackal skeleton.
Your jackal skeleton bites the jackal but does no damage.
The jackal bites your jackal skeleton. The jackal completely misses you.
Casting: Necrotise (safe; 3% risk of failure)
Confirm with . or Enter, or press ? or * to list all spells.
You don't have enough magic to cast this spell.
Unknown command.
The jackal bites something.
The jackal attacks as you move away! The jackal bites you.
You die...

....##...##......#
#...#..<..#......#
#...##...##......#
#... ##+##.......###
#.. ...........#
..........#.#
.##.##....#.##
#........#.##
####...@###.#####
##.h## ##....# #.
#.#.###.###.### #.
#.##.#......... #.
##'###.#.###.### #.
##.h.####.# #. ###
##...Z.###.# #.##.##
##.......##.#
⌠.#...####.........#.#


You could see a jackal.

Vanquished Creatures
  2 goblins (D:1)
  2 jackals (D:1)
  2 rats (D:1)
6 creatures vanquished.

Vanquished Creatures (collateral kills)
  A rat (D:1)
1 creature vanquished.

Grand Total: 7 creatures vanquished

Notes
Turn   | Place    | Note
-------+----------+-------------------------------------------
     0 | D:1      | Anandil the Demonspawn Necromancer began the quest for the
                  | Orb.
     0 | D:1      | Reached XP level 1. HP: 13/13 MP: 3/3
   167 | D:1      | Found a faded altar of an unknown god.
   243 | D:1      | Slain by a jackal

Illustrated notes

Levels and vault maps discovered:
D:1:      dpeg_arrival_shelter, layout_loops_corners,
          ebering_ecumenical_altar_abandoned, minivault_4

Skill      XL: |  1 |
---------------+----+-----
Dodging        | 2 |  2.0
Stealth        | |  1.7
Spellcasting   | |  2.2
Necromancy     | |  4.5

Action                   || total
-------------------------++-------
Melee: Unarmed           ||    12
 Cast: Necrotise         ||    11
Armor: Robe              ||     6
Dodge: Dodged            ||    18
